 Dungeon Crawl Stone Soup version 0.29-a0-283-ga02f740833 (webtiles) character file.

Game seed: 3537861698707550729

947 anonymouscript the Ruffian (level 7, 0/67 HPs)
             Began as a Troll Fighter on Mar 13, 2022.
             Was an Elder of Qazlal.
             Slain by Duvessa
             ... wielding a +0 short sword
              (10 damage)
             ... on level 5 of the Dungeon.
             The game lasted 00:17:13 (2901 turns).

anonymouscript the Ruffian (Troll Fighter)          Turns: 2901, Time: 00:17:13

Health: 0/67       AC:  6    Str: 25    XL:     7   Next: 89%
Magic:  4/7        EV: 10    Int:  4    God:    Qazlal [****..]
Gold:   74         SH:  5    Dex: 11    Spells: 6/6 levels left

rFire   . . .      SeeInvis .     - Unarmed
rCold   . . .      Faith    .   m - orb {mayhem}
rNeg    . . .      Spirit   .   F - +2 robe {Archmagi}
rPois   .          Reflect  .   (helmet restricted)
rElec   .          Harm     .   (no cloak)
rCorr   .          Rampage  .   (gloves unavailable)
Will    .....      Archmagi +   (boots unavailable)
Stlth   +.........              (no amulet)
HPRegen 1.01/turn               i - ring of flight
MPRegen 0.10/turn               (no ring)

@: mighty, flying, repel missiles
A: large, unfitting armour, claws 3, regeneration 1, shaggy fur 1, tough skin 1
a: Renounce Religion, Upheaval, Elemental Force


You were on level 5 of the Dungeon.
You worshipped Qazlal.
Qazlal was greatly pleased with you.
You visited 1 branch of the dungeon, and saw 5 of its levels.

You collected 158 gold pieces.
You spent 84 gold pieces at shops.

Inventory:

Hand Weapons
 g - a +0 short sword of venom
 r - a +2 quarterstaff of chaos
 v - a +2 flail of holy wrath
 y - a +0 giant spiked club
Missiles
 u - 6 poisoned darts
 A - 49 stones
Armour
 a - a +0 robe
 b - a +0 kite shield
 m - an orb of mayhem (worn)
 q - a +0 animal skin
 F - a +2 robe of the Archmagi (worn)
Jewellery
 i - a ring of flight (left claw)
 D - an amulet of regeneration
Wands
 n - a wand of mindburst (18) (quivered)
 C - a wand of iceblast (9)
 G - a wand of charming (6)
Scrolls
 f - 5 scrolls of identify {unknown}
 h - 2 scrolls of vulnerability {unknown}
 o - a scroll of holy word {unknown}
 t - a scroll of summoning {unknown}
 w - a scroll of fear {unknown}
 x - a scroll of teleportation {unknown}
 E - a scroll of blinking {unknown}
Potions
 c - 2 potions of might
 d - 2 potions of lignification
 e - 3 potions of resistance {unknown}
 j - 2 potions of flight {unknown}
 k - a potion of heal wounds {unknown}
 l - 2 potions of brilliance {unknown}
 p - a potion of curing
 s - a potion of haste {unknown}
 z - a potion of invisibility {unknown}
 B - a potion of mutation {unknown}


   Skills:
 + Level 3.1 Fighting
 + Level 4.1 Dodging
 + Level 0.4 Stealth
 + Level 3.3 Shields
 + Level 6.5 Unarmed Combat
 * Level 2.4 Invocations
 + Level 0.3 Evocations


You had 6 spell levels left.
You didn't know any spells.
Your spell library contained the following spells:

 Spells                   Type           Power      Damage    Failure   Level
 Ozocubu's Armour         Ice            0%         N/A       86%         3
 Ozocubu's Refrigeration  Ice            0%         4d5       100%        7


Dungeon Overview and Level Annotations

Branches:
Dungeon (5/15)             Temple (0/1) D:4

Altars:
Qazlal

Shops:
D:3 !   D:4 =

Annotations:
D:5 Duvessa


Innate Abilities, Weirdness & Mutations

You are too large for most types of armour.
You have claws for hands.
Your natural rate of healing is unusually fast.
You are covered in fur. (AC +1)
You have tough skin. (AC +1)


Message History

You scratch Duvessa but do no damage.
Duvessa is moderately wounded.
Duvessa hits you with a +0 short sword.
* * * LOW HITPOINT WARNING * * *
Duvessa barely misses you.
A scorpion comes into view.
You scratch Duvessa but do no damage.
Duvessa is moderately wounded.
You block Duvessa's attack.
Aiming: Upheaval
Press: ? - help, Dir - move target The ground shakes violently, spewing rubble!
The blast of rubble hits something!
Duvessa hits you with a +0 short sword!
* * * LOW HITPOINT WARNING * * *
Duvessa hits you with a +0 short sword!
* * * LOW HITPOINT WARNING * * *
Duvessa attacks as you move away! Duvessa hits you with a +0 short sword.
* * * LOW HITPOINT WARNING * * *
It was a potion of curing.
You feel better. Duvessa barely misses you. You block Duvessa's attack.
You feel very mighty all of a sudden. Duvessa hits you with a +0 short sword.
* * * LOW HITPOINT WARNING * * *
You scratch Duvessa.
Duvessa is heavily wounded.
Duvessa hits you with a +0 short sword!
* * * LOW HITPOINT WARNING * * *
You feel better. Duvessa closely misses you. You block Duvessa's attack.
Aiming: Iceblast
Press: ? - help, Shift-Dir - straight line, f - scorpion
Aim: a scorpion
Okay, then.
Okay, then.
Attack: -) Claws
Press: ? - help, Dir - move target, f - Duvessa, p - scorpion
Aim: Duvessa, wielding a +0 short sword and wearing a +1 leather armour of cold resistance (heavily wounded, berserk, fast, about 34% to evade your claws)
Okay, then.
Okay, then.
Duvessa hits you with a +0 short sword!
You die...

.)........# #.#.# #.<..
.####.....####.#.# #....
.).##.....##...#.# #######....
##.)#######.<###.######..........
##.)...†...###.........#####....
####..#######..######## #####
######.........☼.#
........#.######.# ######.##..#
#@# #.# ..# #e# #.# #.# #.# ..#
.. #)# ### #s# #.# #.. .#.. . ...


You could see Duvessa (berserk, fast) and a scorpion.

Vanquished Creatures
  Sigmund (D:5)
  A sky beast (D:5)
  An ogre (D:4)
  2 phantoms
  Dowan (D:5)
  A howler monkey (D:4)
  2 hounds
  Crazy Yiuf (D:2)
  3 orc wizards (D:4)
  Robin (D:2)
  4 adders
  2 gnolls (D:5)
  2 shadow imps (D:5)
  2 worms (D:2)
  6 orcs (D:4)
  7 endoplasms
  A giant cockroach (D:4)
  10 goblins
  7 hobgoblins
  3 jackals (D:1)
  A quokka (D:1)
  5 ball pythons
  7 bats
  7 frilled lizards
  14 kobolds
  7 rats
99 creatures vanquished.

Vanquished Creatures (collateral kills)
  A gnoll (D:5)
  A shadow imp (D:5)
  8 goblins (D:2)
  A kobold (D:3)
11 creatures vanquished.

Vanquished Creatures (others)
  An orc wizard (D:4)
1 creature vanquished.

Grand Total: 111 creatures vanquished

Notes
Turn   | Place    | Note
-------+----------+-------------------------------------------
     0 | D:1      | anonymouscript the Troll Fighter began the quest for the
                  | Orb.
     0 | D:1      | Reached XP level 1. HP: 22/22 MP: 0/0
   209 | D:1      | Found a faded altar of an unknown god.
   214 | D:1      | Prayed at the altar of an unknown god.
   214 | D:1      | Became a worshipper of Qazlal Stormbringer
   214 | D:1      | Reached * piety under Qazlal
   282 | D:1      | Reached XP level 2. HP: 29/29 MP: 1/1
   494 | D:1      | Reached ** piety under Qazlal
   676 | D:2      | Reached XP level 3. HP: 31/36 MP: 2/2
   915 | D:2      | Found a runed translucent door.
   916 | D:2      | Noticed Crazy Yiuf
  1207 | D:2      | Reached XP level 4. HP: 44/44 MP: 3/3
  1253 | D:2      | Identified the +3 helmet of Hopscotch {rPois rN+ Slay+3}
  1253 | D:2      | Noticed Robin
  1257 | D:2      | Reached *** piety under Qazlal
  1268 | D:2      | Killed Robin
  1269 | D:2      | Reached skill level 3 in Unarmed Combat
  1469 | D:2      | Killed Crazy Yiuf
  1614 | D:3      | Reached XP level 5. HP: 44/52 MP: 4/4
  1708 | D:3      | Found Eguytokk's Distillery.
  1725 | D:3      | Bought a potion of lignification for 36 gold pieces
  1725 | D:3      | Bought a potion of might for 48 gold pieces
  1916 | D:4      | Noticed an ogre
  1921 | D:4      | Killed an ogre
  1922 | D:4      | Reached skill level 4 in Unarmed Combat
  1937 | D:4      | Reached XP level 6. HP: 54/59 MP: 5/5
  2296 | D:4      | Found a staircase to the Ecumenical Temple.
  2373 | D:4      | Found Qeicwurph's Jewellery Emporium.
  2381 | D:4      | Reached skill level 5 in Unarmed Combat
  2694 | D:5      | Entered Level 5 of the Dungeon
  2700 | D:5      | Reached skill level 1 in Invocations
  2700 | D:5      | Reached XP level 7. HP: 63/67 MP: 6/6
  2715 | D:5      | Reached **** piety under Qazlal
  2721 | D:5      | Noticed Sigmund
  2734 | D:5      | Killed Sigmund
  2829 | D:5      | Reached skill level 6 in Unarmed Combat
  2879 | D:5      | Noticed Dowan
  2882 | D:5      | Noticed Duvessa
  2890 | D:5      | Killed Dowan
  2894 | D:5      | HP: 3/67 [Duvessa/+0 short sword (10)]
  2898 | D:5      | HP: 1/67 [Duvessa/+0 short sword (12)]
  2901 | D:5      | Slain by Duvessa

Illustrated notes

Levels and vault maps discovered:
D:1:      eino_arrival_druids_welcome, layout_loops_corners,
          ebering_ecumenical_altar_abandoned, bh_walls_and_bars
D:2:      layout_loops_cross, uniq_crazy_yiuf_cottage, uniq_robin
D:3:      layout_rooms, serial_shops, nicolae_shop_hallway_plus
D:4:      layout_gridville, minmay_temple_entry_junction,
          chequers_serial_rivers_micro_e, minmay_shop_enchanted_jewellery
D:5:      layout_rooms, uniq_duvessa, uniq_sigmund

Skill      XL: |  1  2  3  4  5  6  7 |
---------------+----------------------+-----
Dodging        | 3 4 |  4.1
Unarmed Combat | 3 4 5 6 |  6.5
Shields        | 3 |  3.3
Fighting       | 3 |  3.1
Invocations    | 1 2 |  2.4
Stealth        | |  0.4
Evocations     | |  0.3

Action                   |  1- 3 |  4- 6 |  7- 9 || total
-------------------------+-------+-------+-------++-------
Melee: Unarmed           |   108 |    99 |    41 ||   248
Invok: Upheaval          |       |       |     1 ||     1
Evoke: Wand              |       |     3 |       ||     3
  Use: Potion            |       |       |     3 ||     3
Armor: Robe              |    19 |    22 |     4 ||    45
Dodge: Dodged            |    33 |    54 |    18 ||   105
Block: Kite shield       |    39 |       |       ||    39
       Orb               |     1 |     7 |    13 ||    21

Table legend: (Time is in decaauts)
 A = Elapsed time spent in this place.
 B = Non-inter-level travel time spent in this place.
 C = Inter-level travel time spent in this place.
 D = Time resting spent in this place.
 E = Time spent auto-exploring this place.
 F = Levels seen in this place.
 G = Mean time per level.
                   A        B        C        D        E       F      G
               +--------+--------+--------+--------+--------+-----+--------+
         Total |   2899 |   2769 |    130 |     10 |   1825 |   5 |  579.8 |
       Dungeon |   2899 |   2769 |    130 |     10 |   1825 |   5 |  579.8 |
               +--------+--------+--------+--------+--------+-----+--------+

Top non-repeatable levels by time:
     D:2: 867 daAuts
     D:4: 799 daAuts
     D:1: 671 daAuts
     D:3: 357 daAuts
     D:5: 202 daAuts
